 Dungeon Crawl Stone Soup version 0.21.1-1-g345015f (webtiles) character file.

352 zishaf the Cudgeler (level 6, 0/37 HPs)
             Began as a Gargoyle Fighter on May 16, 2018.
             Slain by an orc
             ... wielding a +0 trident
              (3 damage)
             ... on level 3 of the Dungeon.
             The game lasted 00:04:22 (2255 turns).

zishaf the Cudgeler (Gargoyle Fighter)              Turns: 2255, Time: 00:04:22

Health: 0/37       AC: 11    Str: 26    XL:     6   Next: 61%
Magic:  6/6        EV:  7    Int:  8    God:
Gold:   149        SH:  9    Dex: 10    Spells: 5/5 levels left

rFire    . . .     SeeInvis .   a - +0 flail
rCold    . . .     Gourm    .   c - +0 shield
rNeg     + . .     Faith    .   b - +0 scale mail
rPois    ∞         Spirit   .   (no helmet)
rElec    +         Reflect  .   (no cloak)
rCorr    .         Harm     .   (no gloves)
MR       .....                  (no boots)
Stlth    ..........             (no amulet)
HPRegen  0.12/turn              (no ring)
MPRegen  0.10/turn              (no ring)

@: mighty
A: negative energy resistance 1, electricity resistance, unbreathing,
petrification resistance, rot immunity, AC +4
a: no special abilities


You were on level 3 of the Dungeon.
You were not hungry.

You visited 1 branch of the dungeon, and saw 3 of its levels.

You collected 149 gold pieces.

Inventory:

Hand Weapons
 a - a +0 flail (weapon)
Armour
 b - a +0 scale mail (worn)
 c - a +0 shield (worn)
Scrolls
 e - a scroll of blinking {unknown}
 g - a scroll of random uselessness {unknown}
 h - a scroll of fog {unknown}
 i - a scroll of fear {unknown}
 j - 2 scrolls of teleportation {unknown}
 k - a scroll of magic mapping {unknown}
 l - a scroll of amnesia {unknown}
 m - 2 scrolls of identify {unknown}
 p - a scroll of enchant armour {unknown}
Potions
 o - a potion of lignification {unknown}
 q - a potion of brilliance {unknown}
Comestibles
 f - 3 rations
 n - 8 chunks of flesh


   Skills:
 - Level 3.2 Fighting
 + Level 6.8 Maces & Flails
 - Level 3.2 Armour
 - Level 3.2 Shields


You had 5 spell levels left.
You didn't know any spells.

Dungeon Overview and Level Annotations

Branches:
Dungeon (3/15)

Altars:
Kikubaaqudgha
Nemelex Xobeh
Qazlal
Sif Muna
Wu Jian
Yredelemnul


Innate Abilities, Weirdness & Mutations

You are resistant to torment.
Your stone body is resilient. (AC +4)
You are immune to poison.
You resist negative energy. (rN+)
You are resistant to electric shocks. (rElec)
You can survive without breathing.
You are immune to petrification.
You are immune to rotting.


Message History

You kill the kobold!
The orc hits you from afar with a trident.
* * * LOW HITPOINT WARNING * * *
You closely miss the goblin. You block the goblin's attack.
The goblin hits you but does no damage. You block the orc's attack.
You miss the goblin. The goblin hits you with a club.
* * * LOW HITPOINT WARNING * * *
You block the goblin's attack. You block the orc's attack.
You block the goblin's attack.
You sock the goblin!
You kill the goblin!
You block the orc's attack.
You closely miss the goblin. You block the goblin's attack.
You block the orc's attack.
You hit the orc.
The orc is severely wounded.
The goblin barely misses you. The orc hits you but does no damage. x2
You block the goblin's attack.
The orc hits you from afar with a trident.
You die...

##.# .# #..## #.#
... ...# #.# ....
.#.# ####.#
....##..#
#####....#
..#o#..#
##.....####
#g#.%.#
#####..#####
#...o####.....##
#.#..)(#@...#####
#....ogo####
#.......##
#......##
#......# #......#
#.#.....#
.#.#....#
.##....#


You could see 2 orcs and a goblin.

Vanquished Creatures
  Sigmund (D:2)
  An orc priest (D:3)
  Natasha (thrice) (D:2)
  2 adders
  A worm (D:3)
  2 dart slugs (D:1)
  A leopard gecko (D:2)
  3 orcs (D:3)
  2 bats
  6 giant cockroaches
  7 goblins
  9 hobgoblins
  3 jackals (D:1)
  7 kobolds
  2 quokkas
  A ball python (D:1)
  5 frilled lizards
  3 rats
59 creatures vanquished.

Vanquished Creatures (others)
  An orc (D:3)
  A bat (D:3)
2 creatures vanquished.

Grand Total: 61 creatures vanquished

Notes
Turn   | Place    | Note
-------+----------+-------------------------------------------
     0 | D:1      | zishaf the Gargoyle Fighter began the quest for the Orb.
     0 | D:1      | Reached XP level 1. HP: 14/14 MP: 1/1
   120 | D:1      | Reached XP level 2. HP: 19/19 MP: 2/2
   164 | D:1      | Reached skill level 3 in Maces & Flails
   629 | D:1      | Reached XP level 3. HP: 21/23 MP: 3/3
   679 | D:1      | Found a sparkling altar of Nemelex Xobeh.
  1077 | D:2      | Found an ornate altar of the Wu Jian Council.
  1077 | D:2      | Found a deep blue altar of Sif Muna.
  1077 | D:2      | Found a basalt altar of Yredelemnul.
  1150 | D:2      | Found a stormy altar of Qazlal.
  1219 | D:2      | Noticed Sigmund
  1239 | D:2      | Killed Sigmund
  1239 | D:2      | Reached skill level 5 in Maces & Flails
  1239 | D:2      | Reached XP level 4. HP: 5/28 MP: 4/4
  1239 | D:2      | Reached XP level 5. HP: 5/32 MP: 5/5
  1624 | D:2      | Noticed Natasha
  1629 | D:2      | Killed Natasha
  1629 | D:2      | Reached skill level 6 in Maces & Flails
  1629 | D:2      | Reached XP level 6. HP: 30/37 MP: 6/6
  1791 | D:2      | Noticed Natasha
  1798 | D:2      | Killed Natasha
  1844 | D:2      | Noticed Natasha
  1854 | D:2      | Killed Natasha
  1867 | D:2      | Found an ancient bone altar of Kikubaaqudgha.
  2255 | D:3      | Slain by an orc

Skill      XL: |  1  2  3  4  5 |
---------------+----------------+-----
Maces & Flails | 3 5 6 |  6.8
Fighting       | |  3.2
Armour         | |  3.2
Shields        | |  3.2

Action                   |  1- 3 |  4- 6 || total
-------------------------+-------+-------++-------
Melee: Flail             |   129 |   106 ||   235
  Use: Potion            |       |     1 ||     1
  Eat: Chunk             |     1 |     4 ||     5
Armor: Scale mail        |    75 |    55 ||   130
Dodge: Dodged            |    48 |    31 ||    79
Block: Shield            |    71 |    59 ||   130
